 Dungeon Sprint DCSS version 0.27.0-65-ge2af304b15 (webtiles) character file.

Game seed: 17842553917563770127

620 ABBCCCDDDD the Cleaver (level 7, -1/108 HPs)
             Began as a Minotaur Berserker on Aug 18, 2021.
             Was a Priest of Trog.
             Slain by a centaur warrior (2 damage)
             ... in the Dungeon (Sprint I: "Red Sonja").
             The game lasted 00:01:30 (417 turns).

ABBCCCDDDD the Cleaver (Minotaur Berserker)          Turns: 417, Time: 00:01:30

Health: -1/108     AC:  4    Str: 23    XL:     7   Next: 22%
Magic:  6/6        EV: 12    Int:  4    God:    Trog [***...]
Gold:   308        SH:  0    Dex: 10    Spells: 6/6 levels left

rFire    . . .     SeeInvis .   a - +0 hand axe
rCold    . . .     Faith    .   (no shield)
rNeg     . . .     Spirit   .   k - +0 leather armour
rPois    .         Reflect  .   (helmet restricted)
rElec    .         Harm     .   (no cloak)
rCorr    .         Rampage  .   (no gloves)
Will     .....     NoTele   +   (no boots)
Stlth    ..........             (no amulet)
HPRegen  0.28/turn              (no ring)
MPRegen  0.10/turn              (no ring)

@: berserking, very quick
A: horns 2, retaliatory headbutt
a: Renounce Religion, Berserk, Trog's Hand


You were in the Dungeon.
You worshipped Trog.
Trog was most pleased with you.
You visited 1 branch You collected 308 gold pieces.

Inventory:

Hand Weapons
 a - a +0 hand axe (weapon)
Missiles
 l - 17 poisoned darts (quivered)
Armour
 b - a +0 animal skin
 k - a +0 leather armour (worn)
Wands
 i - a wand of polymorph (9)
Scrolls
 h - a scroll of blinking
Potions
 c - a potion of curing
 e - a potion of haste
 f - 2 potions of magic
 g - a potion of berserk rage
 j - a potion of flight {unknown}


   Skills:
 + Level 10.0 Fighting
 * Level 13.2 Axes
 + Level 9.7 Armour
 - Level 2.1 Dodging


You had 6 spell levels left.
You didn't know any spells.
Your spell library was empty.

Dungeon Overview and Level Annotations

Branches:
Dungeon (1/1)

Altars:
Cheibriados
Dithmenos
Elyvilon
Fedhas
Gozag
Hepliaklqana
Kikubaaqudgha
Makhleb
Nemelex Xobeh
Okawaru
Qazlal
Ru
Sif Muna
Trog
Uskayaw
Vehumet
Wu Jian
Xom
Yredelemnul
Zin
The Shining One
Jiyva
Lugonu

Shops:
D (


Innate Abilities, Weirdness & Mutations

You have a pair of horns on your head.
You reflexively headbutt those who attack you in melee.


Message History

You open the door.
A centaur warrior comes into view.
The centaur warrior shouts!
The centaur warrior wields a +3 vorpal longbow.
The centaur warrior shoots an arrow.
The arrow hits you!
A centaur warrior comes into view.
You close the door.
A centaur warrior opens the door.
The centaur warrior shoots an arrow.
The arrow hits you!! The centaur warrior hits you!
The centaur warrior kicks you but does no damage.
The centaur warrior unwields a +3 vorpal longbow.
The centaur warrior hits you.
* * * LOW HITPOINT WARNING * * *
The centaur warrior completely misses you.
The centaur warrior hits you!
* * * LOW HITPOINT WARNING * * *
The centaur warrior kicks you.
* * * LOW HITPOINT WARNING * * *
Found 4 stones.
There is an open door, spattered with blood here.
You feel much better. The centaur warrior hits you.
The centaur warrior kicks you. The centaur warrior hits you!
The centaur warrior completely misses you.
A red film seems to cover your vision as you go berserk!
You feel yourself moving faster!
You feel mighty! The centaur warrior hits you. The centaur warrior kicks you.
The centaur warrior hits you!
* * * LOW HITPOINT WARNING * * *
The centaur warrior kicks you but does no damage.
The centaur warrior hits you!
* * * LOW HITPOINT WARNING * * *
The centaur warrior kicks you.
* * * LOW HITPOINT WARNING * * *
The centaur warrior hits you!
* * * LOW HITPOINT WARNING * * *
The centaur warrior closely misses you.
You hit the centaur warrior.
The centaur warrior is lightly wounded.
You hit the centaur warrior. The centaur warrior hits you.
You die...

###################
#<.#..)..#..'..#__#
#..').#..').#..'..+
#..#####'#####'#__#
#..####..#...#.####§
#..#__####..##.#c§§§§#
#..#_____##'#_.@c§§§§+
#⌠⌠#_.∩...†..._#§§§§§#
####_..__##_.#+##+####
#_____###+# #######


You could see 2 centaur warriors.

Levels and vault maps discovered:
D:        dungeon_sprint_1 [red_sonja_temple_1, red_sonja_temple_small_1]

Notes
Turn   | Place    | Note
-------+----------+-------------------------------------------
     0 | D        | ABBCCCDDDD the Minotaur Berserker began the quest for the
                  | Orb.
     0 | D        | Reached XP level 1. HP: 19/19 MP: 0/0
     1 | D        | Noticed Ijyb
    12 | D        | Killed Ijyb
    13 | D        | Reached skill level 5 in Fighting
    13 | D        | Reached skill level 6 in Axes
    13 | D        | Reached XP level 2. HP: 29/29 MP: 1/1
    54 | D        | Noticed an ogre
    61 | D        | Killed an ogre
    62 | D        | Reached skill level 8 in Axes
    62 | D        | Reached skill level 5 in Armour
    62 | D        | Reached XP level 3. HP: 38/38 MP: 2/2
    62 | D        | Reached XP level 4. HP: 45/45 MP: 3/3
   100 | D        | Noticed Sigmund
   105 | D        | Killed Sigmund
   105 | D        | Reached ** piety under Trog
   106 | D        | Reached skill level 10 in Axes
   106 | D        | Reached XP level 5. HP: 53/53 MP: 4/4
   156 | D        | Found a burning altar of Makhleb.
   156 | D        | Found a viscous altar of Jiyva.
   156 | D        | Found a shimmering altar of Xom.
   156 | D        | Found a corrupted altar of Lugonu.
   156 | D        | Noticed a slime creature
   164 | D        | Killed a slime creature
   165 | D        | Reached skill level 12 in Axes
   165 | D        | Reached XP level 6. HP: 57/64 MP: 5/5
   283 | D        | Found an ornate altar of the Wu Jian Council.
   283 | D        | Found a shimmering blue altar of Sif Muna.
   285 | D        | Found a radiant altar of Vehumet.
   341 | D        | Found Nycudy's Antique Weapon Emporium.
   341 | D        | Found an ancient bone altar of Kikubaaqudgha.
   341 | D        | Found a hazy altar of Hepliaklqana.
   341 | D        | Found a hide-covered altar of Uskayaw.
   341 | D        | Found a basalt altar of Yredelemnul.
   341 | D        | Found an opulent altar of Gozag.
   341 | D        | Found a snail-covered altar of Cheibriados.
   341 | D        | Found a sacrificial altar of Ru.
   341 | D        | Found a shadowy altar of Dithmenos.
   341 | D        | Noticed a yak
   350 | D        | Killed a yak
   350 | D        | Reached *** piety under Trog
   351 | D        | Reached skill level 10 in Fighting
   351 | D        | Reached skill level 13 in Axes
   351 | D        | Reached XP level 7. HP: 72/72 MP: 6/6
   351 | D        | Found a stormy altar of Qazlal.
   351 | D        | Found a blossoming altar of Fedhas.
   351 | D        | Found a bloodstained altar of Trog.
   351 | D        | Found an iron altar of Okawaru.
   351 | D        | Found a glowing golden altar of the Shining One.
   351 | D        | Found a glowing silver altar of Zin.
   351 | D        | Found a white marble altar of Elyvilon.
   398 | D        | Found a sparkling altar of Nemelex Xobeh.
   410 | D        | Noticed a centaur warrior
   410 | D        | Noticed a centaur warrior
   416 | D        | HP: 1/108 [centaur warrior (13)]
   417 | D        | Slain by a centaur warrior

Table legend: (Time is in decaauts)
 A = Elapsed time spent in this place.
 B = Non-inter-level travel time spent in this place.
 C = Inter-level travel time spent in this place.
 D = Time resting spent in this place.
 E = Time spent auto-exploring this place.
 F = Levels seen in this place.
 G = Mean time per level.
                   A        B        C        D        E       F      G
               +--------+--------+--------+--------+--------+-----+--------+
         Total |    456 |    456 |      0 |    332 |      1 |   1 |  456.0 |
       Dungeon |    456 |    456 |      0 |    332 |      1 |   1 |  456.0 |
               +--------+--------+--------+--------+--------+-----+--------+

Top non-repeatable levels by time:
       D: 456 daAuts

Table legend:
 A = Kills in this place as a percentage of kills in entire the game.
 B = Kills by you in this place as a percentage of kills by you in the entire game.
 C = Kills by friends in this place as a percentage of kills by friends in the entire game.
 D = Other kills in this place as a percentage of other kills in the entire game.
 E = Experience gained in this place as a percentage of experience gained in the entire game.
 F = Experience gained in this place divided by the number of levels of this place that you have seen.
                   A       B       C       D       E      F
               +-------+-------+-------+-------+-------+----------------------
         Total | 100.0 | 100.0 |   N/A |   N/A | 100.0 | 886.0
       Dungeon | 100.0 | 100.0 |   N/A |   N/A | 100.0 | 886.0
               +-------+-------+-------+-------+-------+----------------------

Action                   |  1- 3 |  4- 6 |  7- 9 || total
-------------------------+-------+-------+-------++-------
Melee: Unarmed           |     9 |       |       ||     9
       Hand axe          |     3 |    20 |     1 ||    24
       Headbutt          |       |     5 |       ||     5
Invok: Berserk           |     2 |     4 |     1 ||     7
  Use: Potion            |       |       |     1 ||     1
Armor: Skin              |     1 |       |       ||     1
       Leather armour    |       |     1 |     2 ||     3
Dodge: Dodged            |     7 |     5 |     3 ||    15

Vanquished Creatures
  A slime creature (D)
  Sigmund (D)
  A yak (D)
  An ogre (D)
  A jelly (D)
  Ijyb (D)
6 creatures vanquished.
